 Dungeon Crawl Stone Soup version 0.24.0-13-gcf9b319 (webtiles) character file.

Game seed: 9924988248222731630, levelgen mode: deterministic

206 Enochs the Cutter (level 5, -1/31 HPs)
             Began as a Vampire Enchanter on Nov 17, 2019.
             Slain by a leopard gecko (3 damage)
             ... on level 3 of the Dungeon.
             The game lasted 00:06:11 (1460 turns).

Enochs the Cutter (Vampire Enchanter)               Turns: 1460, Time: 00:06:12

Health: -1/31      AC:  2    Str:  8    XL:     5   Next: 53%
Magic:  0/8        EV: 13    Int: 17    God:
Gold:   82         SH:  0    Dex: 15    Spells: 5/8 levels left

rFire    . . .     SeeInvis +   a - +1 dagger
rCold    . . .     Gourm    .   (no shield)
rNeg     . . .     Faith    .   b - +0 robe
rPois    .         Spirit   .   (no helmet)
rElec    .         Reflect  .   (no cloak)
rCorr    .         Harm     .   (no gloves)
MR       .....                  (no boots)
Stlth    +++.......             (no amulet)
HPRegen  0.30/turn              (no ring)
MPRegen  0.11/turn              (no ring)

@: regenerating quickly
A: no food, fangs 3, see invisible, [frail 1], unbreathing
a: Exsanguinate


You were on level 3 of the Dungeon.
You were alive.

You visited 1 branch of the dungeon, and saw 3 of its levels.

You collected 82 gold pieces.

Inventory:

Hand Weapons
 a - a +1 dagger (weapon)
Missiles
 j - 14 poisoned darts (quivered)
Armour
 b - a +0 robe (worn)
Scrolls
 e - 2 scrolls of remove curse {unknown}
 f - 3 scrolls of identify {unknown}
 h - a scroll of teleportation {unknown}
 n - a scroll of immolation {unknown}
Potions
 c - 2 potions of haste {unknown}
 d - 2 potions of curing {unknown}
 g - a potion of invisibility {unknown}
 i - a potion of might {unknown}
 k - a potion of resistance {unknown}
 l - a potion of lignification {unknown}
 m - a potion of heal wounds {unknown}


   Skills:
 - Level 6.1 Short Blades
 - Level 2.1 Dodging
 - Level 4.4 Stealth
 - Level 2.0 Spellcasting
 - Level 4.4 Hexes


You had 5 spell levels left.
You knew the following spells:

 Your Spells              Type           Power        Failure   Level  Hunger
a - Corona                Hex            ###....      3%          1    N/A
b - Ensorcelled Hibernat  Hex/Ice        #.....       12%         2    N/A

Your spell library contained the following spells:

 Spells                   Type           Power        Failure   Level  Hunger
 Confuse                  Hex            ###.....     10%         3    N/A
 Tukima's Dance           Hex            ###.....     10%         3    N/A
 Dazzling Spray           Conj/Hex       #.....       24%         3    N/A

Dungeon Overview and Level Annotations

Branches:
Dungeon (3/15)

Altars:


Innate Abilities, Weirdness & Mutations

You do not eat.
Your natural rate of healing is unusually fast.
You have razor-sharp teeth.
You have supernaturally acute eyesight. (SInv)
You can survive without breathing.
[You are frail. (-10% HP)]


Message History

The leopard gecko is severely wounded.
The leopard gecko bites you.
* * * LOW HITPOINT WARNING * * *
You barely miss the leopard gecko. Your bite misses the leopard gecko.
The leopard gecko is severely wounded.
The leopard gecko bites you.
* * * LOW HITPOINT WARNING * * *
You hit the leopard gecko.
The leopard gecko is almost dead.
The leopard gecko bites you.
* * * LOW HITPOINT WARNING * * *
You barely miss the leopard gecko.
The leopard gecko is almost dead.
You closely miss the leopard gecko.
The leopard gecko is almost dead.
The leopard gecko bites you but does no damage.
You barely miss the leopard gecko.
The leopard gecko is almost dead.
The leopard gecko bites you.
You die...

#...... # #....# ## ##...... #.
+..... .. #....... #.# #....
#.##...###.
#...#....####.##...###.
...#...#.#.#.#.#+#.##.
......#.#.#.#+#.#...
.#.#.#.#.#.#.#..).....
.#.#.#@#.#.#.#+....#...
#.#.#l#(#.#.#.#....+##. +#
#.#.#.#.#.#.#.....#... #.#
#.#.#.#.#.#.#.#+#.##. ..
#.#.#.#.#.#.#.#.#.#.###. .#.#
#.#+#.#.#.#.#.#.#.#.##.
.#.#.#.#.....#.#.#.#.#.#.###.
.#.#.#.#+....#.#.#.#.#.#.#.##.
.#.#.#.#.#.....#.#†#.#.#.#.###.


You could see a leopard gecko.

Vanquished Creatures
  Sigmund (D:3)
  2 adders
  2 leopard geckos
  A ball python (D:2)
  4 bats
  3 giant cockroaches
  3 goblins (D:1)
  A hobgoblin (D:1)
  8 kobolds
  2 frilled lizards (D:1)
  4 rats (D:2)
31 creatures vanquished.

Notes
Turn   | Place    | Note
-------+----------+-------------------------------------------
     0 | D:1      | Enochs the Vampire Enchanter began the quest for the Orb.
     0 | D:1      | Reached XP level 1. HP: 13/13 MP: 3/3
   144 | D:1      | Reached skill level 2 in Short Blades
   223 | D:1      | Reached XP level 2. HP: 19/19 MP: 0/5
   370 | D:1      | Learned a level 2 spell: Ensorcelled Hibernation
   534 | D:2      | Reached skill level 3 in Short Blades
   542 | D:2      | Reached XP level 3. HP: 24/24 MP: 3/6
   954 | D:3      | Noticed Sigmund
  1428 | D:3      | Killed Sigmund
  1428 | D:3      | Reached skill level 6 in Short Blades
  1428 | D:3      | Reached XP level 4. HP: 6/27 MP: 2/7
  1428 | D:3      | Reached XP level 5. HP: 7/31 MP: 2/8
  1457 | D:3      | HP: 1/31 [leopard gecko (3)]
  1460 | D:3      | Slain by a leopard gecko

Levels and vault maps discovered:
D:1:      dpeg_arrival_tiny_a, layout_rooms
D:2:      layout_rooms
D:3:      layout_basic, chequers_serial_rivers_small_b, uniq_sigmund

Skill      XL: |  1  2  3 |
---------------+----------+-----
Short Blades   | 2 3 6 |  6.1
Dodging        | |  2.1
Stealth        | |  4.4
Spellcasting   | |  2.0
Hexes          | |  4.4

Action                   |  1- 3 |  4- 6 || total
-------------------------+-------+-------++-------
Melee: Dagger            |   148 |     8 ||   156
       Bite              |    13 |     1 ||    14
 Cast: Corona            |     9 |     1 ||    10
       Ensorcelled Hiber |     2 |     2 ||     4
 Abil: Exsanguinate      |     1 |       ||     1
       Revivify          |     1 |       ||     1
 Stab: Sleeping          |     5 |       ||     5
Armor: Robe              |    33 |     1 ||    34
Dodge: Dodged            |   105 |     3 ||   108
